[ AOE2 MATCH · #493977700 ]
UnrankedGurjaras vs Wu
[ REPLAY ANALYSIS · EXTRACTED FROM THE RECORDED GAME ]
Feudal
9:41
Castle
13:21
Imperial
—
| APM avg | 92.5 |
| APM peak | 204 |
| eAPM avg | 56.4 |
| Villagers / military | 158 / 41 |
Focus
⚔️ 62.4% · 🌾 37.6%
Scorpion ×22 · Armored Elephant ×13 · Mangonel ×6
Feudal
10:35
Castle
14:18
Imperial
—
| APM avg | 22.2 |
| APM peak | 43 |
| eAPM avg | 12.5 |
| Villagers / military | 46 / 2 |
Focus
⚔️ 42.5% · 🌾 57.5%
Unknown (1968) ×53 · Mangonel ×2
Feudal
11:01
Castle
15:45
Imperial
29:27
| APM avg | 19.2 |
| APM peak | 68 |
| eAPM avg | 9.9 |
| Villagers / military | 93 / 77 |
Focus
⚔️ 29.1% · 🌾 70.9%
Scout Cavalry ×39 · Janissary ×17 · Hand Cannoneer ×15 · Bombard Cannon ×6
Feudal
10:51
Castle
14:43
Imperial
28:45
| APM avg | 24.2 |
| APM peak | 68 |
| eAPM avg | 13.4 |
| Villagers / military | 130 / 58 |
Focus
⚔️ 24.4% · 🌾 75.6%
Unknown (2579) ×98 · Spearman ×50 · Petard ×4 · Trebuchet (Packed) ×4
Feudal
10:02
Castle
14:51
Imperial
—
| APM avg | 30.6 |
| APM peak | 67 |
| eAPM avg | 17.4 |
| Villagers / military | 155 / 99 |
Focus
⚔️ 23.3% · 🌾 76.7%
Spearman ×68 · Militia ×20 · Samurai ×11
Feudal
11:04
Castle
15:39
Imperial
39:11
| APM avg | 19.5 |
| APM peak | 69 |
| eAPM avg | 12.5 |
| Villagers / military | 148 / 9 |
Focus
⚔️ 12.3% · 🌾 87.7%
Spearman ×7 · Petard ×2
Feudal
11:29
Castle
14:53
Imperial
33:30
| APM avg | 33.3 |
| APM peak | 87 |
| eAPM avg | 12.2 |
| Villagers / military | 87 / 46 |
Focus
⚔️ 20.1% · 🌾 79.9%
Conquistador ×37 · Scout Cavalry ×7 · Missionary ×2
Feudal
8:30
Castle
20:42
Imperial
33:51
| APM avg | 65.4 |
| APM peak | 150 |
| eAPM avg | 24.2 |
| Villagers / military | 155 / 180 |
Focus
⚔️ 21.0% · 🌾 79.0%
Knight ×100 · Steppe Lancer ×79 · Camel Scout ×1
Match map
Initial resources + every placement click. Lines = walls · curves = elevation contours. ◆ gold · ⬟ stone · ● berries · ✦ relic · ◌ wall gap
Your base· ✓ Closed at 13:21 · 0t walls · 3 gate(s)
nemesis's base· ✓ Closed at 14:18 · 0t walls · 2 gate(s)
JJ23's base· ✓ Closed at 15:45 · 0t walls · 2 gate(s)
ufokinw0tm8's base· ✓ Closed at 14:43 · 0t walls · 3 gate(s)
Hayah's base· ✓ Closed at 14:51 · 0t walls · 2 gate(s)
Shaka's base· ✓ Closed at 15:39 · 0t walls · 3 gate(s)
Oldpoopsak69's base· ✓ Closed at 14:53 · 0t walls · 3 gate(s)
Thanos 2022's base· ✓ Closed at 20:42 · 0t walls · 2 gate(s)
Smoothed initial terrain · ◌ = detected wall gap · hover for details
Inputs per minute
— VIT | Hera - - nemesis
Build order — VIT | Hera
First 150 of 330 actions detected
| 0:00 | Create | Villager (Male) |
| 0:01 | Create | Villager (Male) |
| 0:01 | Create | Villager (Male) |
| 0:01 | Create | Villager (Male) |
| 0:02 | Create | Villager (Male) |
| 0:02 | Build | House |
| 0:03 | Build | House |
| 0:38 | Build | Mill |
| 1:30 | Create | Villager (Male) |
| 1:30 | Create | Villager (Male) |
| 1:55 | Create | Villager (Male) |
| 1:55 | Create | Villager (Male) |
| 2:25 | Create | Villager (Male) |
| 2:25 | Create | Villager (Male) |
| 2:28 | Create | Villager (Male) |
| 2:28 | Create | Villager (Male) |
| 3:03 | Create | Villager (Male) |
| 3:03 | Create | Villager (Male) |
| 3:09 | Build | House |
| 3:24 | Create | Villager (Male) |
| 3:24 | Create | Villager (Male) |
| 3:27 | Build | House |
| 3:35 | Create | Villager (Male) |
| 3:35 | Create | Villager (Male) |
| 3:36 | Create | Villager (Male) |
| 4:19 | Create | Villager (Male) |
| 4:19 | Create | Villager (Male) |
| 4:45 | Create | Villager (Male) |
| 4:45 | Create | Villager (Male) |
| 4:45 | Create | Villager (Male) |
| 4:50 | Create | Villager (Male) |
| 4:50 | Create | Villager (Male) |
| 4:50 | Create | Villager (Male) |
| 5:09 | Create | Villager (Male) |
| 5:09 | Create | Villager (Male) |
| 5:18 | Create | Villager (Male) |
| 6:01 | Create | Villager (Male) |
| 6:52 | Build | Lumber Camp |
| 7:28 | Research | Feudal Age |
| 7:28 | Research | Feudal Age |
| 7:51 | Build | Mining Camp |
| 8:59 | Create | Villager (Male) |
| 8:59 | Research | Loom |
| 9:19 | Create | Villager (Male) |
| 9:41 | Age | Feudal Age |
| 9:42 | Create | Villager (Male) |
| 9:48 | Build | Market |
| 9:53 | Build | Blacksmith |
| 10:01 | Build | Farm |
| 10:02 | Build | Farm |
| 10:18 | Build | House |
| 10:41 | Research | Castle Age |
| 12:00 | Research | Double-Bit Axe |
| 12:01 | Research | Double-Bit Axe |
| 13:18 | Create | Villager (Male) |
| 13:21 | Age | Castle Age |
| 13:25 | Build | Farm |
| 13:34 | Build | Siege Workshop |
| 13:37 | Build | Siege Workshop |
| 13:42 | Create | Villager (Male) |
| 13:44 | Build | Farm |
| 13:53 | Build | House |
| 14:04 | Create | Villager (Male) |
| 14:11 | Build | Farm |
| 14:22 | Create | Armored Elephant |
| 14:25 | Build | House |
| 14:28 | Build | Farm |
| 14:28 | Create | Villager (Male) |
| 14:29 | Create | Armored Elephant |
| 14:39 | Create | Armored Elephant |
| 14:39 | Create | Armored Elephant |
| 14:39 | Create | Armored Elephant |
| 14:47 | Create | Villager (Male) |
| 14:52 | Build | House |
| 14:55 | Build | House |
| 15:12 | Create | Armored Elephant |
| 15:12 | Create | Armored Elephant |
| 15:30 | Create | Villager (Male) |
| 15:39 | Create | Scorpion |
| 15:40 | Create | Scorpion |
| 15:40 | Create | Scorpion |
| 15:53 | Build | House |
| 15:54 | Build | House |
| 16:05 | Build | House |
| 16:09 | Create | Scorpion |
| 16:09 | Create | Scorpion |
| 16:16 | Create | Villager (Male) |
| 16:20 | Create | Villager (Male) |
| 16:40 | Create | Scorpion |
| 16:59 | Create | Villager (Male) |
| 17:09 | Create | Scorpion |
| 17:09 | Create | Scorpion |
| 17:09 | Create | Villager (Male) |
| 17:29 | Create | Villager (Male) |
| 17:35 | Create | Villager (Male) |
| 17:42 | Build | Palisade Wall |
| 17:44 | Build | Palisade Wall |
| 17:45 | Build | House |
| 17:46 | Build | House |
| 17:47 | Build | House |
| 17:47 | Build | House |
| 17:49 | Build | House |
| 17:49 | Build | House |
| 17:50 | Build | House |
| 17:55 | Build | House |
| 18:25 | Create | Villager (Male) |
| 18:26 | Create | Scorpion |
| 18:58 | Build | Lumber Camp |
| 18:58 | Create | Villager (Male) |
| 19:00 | Build | Farm |
| 19:00 | Build | Farm |
| 19:12 | Create | Scorpion |
| 19:14 | Create | Armored Elephant |
| 19:15 | Create | Armored Elephant |
| 19:17 | Build | House |
| 19:35 | Create | Villager (Male) |
| 19:35 | Create | Villager (Male) |
| 19:45 | Build | Mining Camp |
| 19:57 | Create | Villager (Male) |
| 20:10 | Build | Siege Workshop |
| 20:14 | Build | Farm |
| 20:15 | Build | Farm |
| 20:21 | Create | Villager (Male) |
| 20:22 | Create | Villager (Male) |
| 20:35 | Create | Scorpion |
| 20:35 | Create | Scorpion |
| 21:26 | Create | Villager (Male) |
| 21:28 | Create | Scorpion |
| 21:28 | Create | Scorpion |
| 21:30 | Create | Scorpion |
| 21:30 | Create | Scorpion |
| 21:46 | Build | Farm |
| 21:46 | Build | Farm |
| 22:10 | Create | Scorpion |
| 22:10 | Create | Scorpion |
| 23:04 | Create | Villager (Male) |
| 23:27 | Create | Villager (Male) |
| 23:27 | Create | Scorpion |
| 23:28 | Create | Scorpion |
| 23:30 | Create | Villager (Male) |
| 23:32 | Create | Villager (Male) |
| 23:34 | Build | Farm |
| 23:34 | Build | Farm |
| 23:35 | Build | Farm |
| 23:48 | Create | Villager (Male) |
| 23:52 | Create | Villager (Male) |
| 23:55 | Build | Town Center |
| 23:58 | Create | Scorpion |
| 24:00 | Create | Scorpion |
| 24:06 | Create | Armored Elephant |
Build order — nemesis
140 actions detected in the replay
| 0:01 | Create | Villager (Male) |
| 0:03 | Build | House |
| 0:04 | Build | House |
| 0:14 | Create | Villager (Male) |
| 0:14 | Create | Villager (Male) |
| 0:15 | Create | Villager (Male) |
| 1:39 | Create | Villager (Male) |
| 1:40 | Create | Villager (Male) |
| 1:40 | Create | Villager (Male) |
| 1:46 | Build | Lumber Camp |
| 2:04 | Create | Villager (Male) |
| 2:05 | Create | Villager (Male) |
| 2:05 | Create | Villager (Male) |
| 2:35 | Create | Villager (Male) |
| 2:35 | Create | Villager (Male) |
| 2:35 | Create | Villager (Male) |
| 2:42 | Create | Villager (Male) |
| 2:42 | Create | Villager (Male) |
| 3:01 | Create | Villager (Male) |
| 3:02 | Create | Villager (Male) |
| 3:15 | Create | Villager (Male) |
| 3:15 | Create | Villager (Male) |
| 3:52 | Create | Villager (Male) |
| 3:52 | Create | Villager (Male) |
| 3:55 | Build | House |
| 4:02 | Create | Villager (Male) |
| 4:02 | Create | Villager (Male) |
| 4:06 | Build | Mill |
| 4:15 | Build | House |
| 4:18 | Create | Villager (Male) |
| 4:41 | Create | Villager (Male) |
| 5:24 | Create | Villager (Male) |
| 5:24 | Create | Villager (Male) |
| 6:11 | Create | Villager (Male) |
| 6:33 | Create | Villager (Male) |
| 7:01 | Create | Villager (Male) |
| 7:13 | Build | Mining Camp |
| 7:24 | Create | Villager (Male) |
| 7:59 | Create | Villager (Male) |
| 8:15 | Research | Feudal Age |
| 8:30 | Build | House |
| 10:14 | Create | Villager (Male) |
| 10:14 | Create | Villager (Male) |
| 10:35 | Age | Feudal Age |
| 10:39 | Build | Market |
| 10:41 | Build | Blacksmith |
| 11:38 | Research | Castle Age |
| 12:11 | Research | Double-Bit Axe |
| 12:41 | Research | Horse Collar |
| 12:41 | Research | Horse Collar |
| 12:54 | Build | Farm |
| 12:56 | Build | Farm |
| 12:58 | Build | Farm |
| 13:01 | Build | Farm |
| 13:20 | Build | House |
| 14:18 | Age | Castle Age |
| 14:21 | Build | Castle |
| 14:31 | Create | Villager (Male) |
| 14:35 | Research | Loom |
| 14:50 | Build | Farm |
| 14:52 | Build | Farm |
| 14:54 | Create | Villager (Male) |
| 15:02 | Build | Farm |
| 15:05 | Build | Farm |
| 15:38 | Build | Mining Camp |
| 15:50 | Create | Villager (Male) |
| 15:50 | Create | Villager (Male) |
| 16:52 | Create | Unit 1968 |
| 16:52 | Create | Unit 1968 |
| 17:05 | Build | Mining Camp |
| 17:47 | Create | Unit 1968 |
| 17:47 | Create | Unit 1968 |
| 17:51 | Research | Fletching |
| 18:09 | Create | Unit 1968 |
| 18:09 | Create | Unit 1968 |
| 18:43 | Create | Unit 1968 |
| 18:59 | Build | Siege Workshop |
| 22:03 | Build | Castle |
| 23:12 | Build | Palisade Wall |
| 23:35 | Build | Palisade Wall |
| 24:45 | Build | Castle |
| 25:07 | Create | Mangonel |
| 25:38 | Build | Lumber Camp |
| 26:20 | Create | Unit 1968 |
| 26:20 | Create | Unit 1968 |
| 27:27 | Create | Unit 1968 |
| 27:27 | Create | Unit 1968 |
| 27:27 | Create | Unit 1968 |
| 27:27 | Create | Unit 1968 |
| 28:04 | Create | Unit 1968 |
| 28:05 | Create | Unit 1968 |
| 28:05 | Create | Unit 1968 |
| 28:05 | Create | Unit 1968 |
| 28:18 | Create | Unit 1968 |
| 28:18 | Create | Unit 1968 |
| 28:19 | Create | Unit 1968 |
| 28:19 | Create | Unit 1968 |
| 28:26 | Create | Unit 1968 |
| 28:26 | Create | Unit 1968 |
| 28:26 | Create | Unit 1968 |
| 28:26 | Create | Unit 1968 |
| 28:27 | Create | Unit 1968 |
| 28:59 | Create | Unit 1968 |
| 28:59 | Create | Unit 1968 |
| 29:00 | Create | Unit 1968 |
| 29:00 | Create | Unit 1968 |
| 29:37 | Create | Unit 1968 |
| 29:38 | Create | Unit 1968 |
| 29:38 | Create | Unit 1968 |
| 29:38 | Create | Unit 1968 |
| 30:39 | Create | Unit 1968 |
| 30:39 | Create | Unit 1968 |
| 31:16 | Build | Town Center |
| 31:34 | Create | Unit 1968 |
| 31:35 | Create | Unit 1968 |
| 31:35 | Create | Unit 1968 |
| 31:35 | Create | Unit 1968 |
| 34:06 | Create | Mangonel |
| 34:06 | Create | Unit 1968 |
| 34:06 | Create | Unit 1968 |
| 34:06 | Create | Unit 1968 |
| 34:34 | Create | Unit 1968 |
| 34:34 | Create | Unit 1968 |
| 34:51 | Create | Villager (Male) |
| 34:51 | Create | Villager (Male) |
| 34:51 | Create | Villager (Male) |
| 34:52 | Create | Villager (Male) |
| 35:56 | Build | Mill |
| 36:45 | Create | Unit 1968 |
| 36:45 | Create | Unit 1968 |
| 36:45 | Create | Unit 1968 |
| 36:47 | Create | Villager (Male) |
| 36:48 | Create | Villager (Male) |
| 36:48 | Create | Villager (Male) |
| 36:48 | Create | Villager (Male) |
| 37:26 | Create | Unit 1968 |
| 37:26 | Create | Unit 1968 |
| 37:26 | Create | Unit 1968 |
| 38:04 | Create | Unit 1968 |
| 38:05 | Create | Unit 1968 |
Build order — JJ23
First 150 of 274 actions detected
| 0:01 | Create | Villager (Male) |
| 0:01 | Create | Villager (Male) |
| 0:01 | Create | Villager (Male) |
| 0:02 | Create | Villager (Male) |
| 0:05 | Build | House |
| 0:08 | Build | House |
| 1:28 | Create | Villager (Male) |
| 2:04 | Build | Lumber Camp |
| 2:07 | Create | Villager (Male) |
| 2:28 | Create | Villager (Male) |
| 3:02 | Create | Villager (Male) |
| 3:28 | Create | Villager (Male) |
| 3:37 | Build | House |
| 3:45 | Create | Villager (Male) |
| 4:21 | Build | Mill |
| 4:23 | Create | Villager (Male) |
| 4:23 | Create | Villager (Male) |
| 5:16 | Research | Loom |
| 5:31 | Create | Villager (Male) |
| 5:31 | Create | Villager (Male) |
| 5:47 | Create | Villager (Male) |
| 6:05 | Build | House |
| 6:09 | Create | Villager (Male) |
| 6:39 | Create | Villager (Male) |
| 7:30 | Create | Villager (Male) |
| 7:54 | Create | Villager (Male) |
| 8:21 | Create | Villager (Male) |
| 8:45 | Research | Feudal Age |
| 9:10 | Build | Mining Camp |
| 9:15 | Create | Villager (Male) |
| 9:15 | Create | Villager (Male) |
| 9:24 | Build | House |
| 11:01 | Age | Feudal Age |
| 11:01 | Create | Villager (Male) |
| 11:09 | Build | Market |
| 11:13 | Build | Blacksmith |
| 11:26 | Build | Mining Camp |
| 13:05 | Research | Castle Age |
| 13:26 | Research | Stone Mining |
| 13:32 | Build | Farm |
| 13:32 | Build | Farm |
| 13:32 | Build | Farm |
| 14:09 | Build | Farm |
| 14:14 | Build | Farm |
| 14:45 | Build | Farm |
| 15:00 | Build | Farm |
| 15:04 | Create | Villager (Male) |
| 15:45 | Age | Castle Age |
| 16:06 | Build | Castle |
| 16:10 | Create | Villager (Male) |
| 16:22 | Create | Villager (Male) |
| 16:37 | Build | House |
| 16:39 | Build | House |
| 16:49 | Create | Villager (Male) |
| 17:11 | Build | Town Center |
| 17:15 | Create | Villager (Male) |
| 17:29 | Create | Villager (Male) |
| 17:35 | Create | Janissary |
| 17:45 | Build | Farm |
| 17:50 | Build | Farm |
| 17:53 | Create | Villager (Male) |
| 18:11 | Create | Janissary |
| 18:28 | Build | Farm |
| 18:28 | Build | Farm |
| 18:29 | Build | Farm |
| 18:29 | Build | Farm |
| 18:43 | Build | Farm |
| 18:45 | Create | Villager (Male) |
| 18:57 | Create | Villager (Male) |
| 19:09 | Build | Farm |
| 19:12 | Create | Villager (Male) |
| 19:26 | Build | Farm |
| 19:32 | Create | Janissary |
| 19:46 | Create | Janissary |
| 19:53 | Build | Farm |
| 19:56 | Build | Farm |
| 20:13 | Create | Villager (Male) |
| 20:14 | Create | Villager (Male) |
| 20:19 | Build | House |
| 20:20 | Build | House |
| 20:21 | Build | House |
| 20:23 | Create | Villager (Male) |
| 20:35 | Create | Villager (Male) |
| 20:44 | Build | Farm |
| 20:50 | Build | Farm |
| 20:54 | Build | Farm |
| 20:59 | Build | Farm |
| 21:05 | Create | Villager (Male) |
| 21:08 | Build | Farm |
| 21:09 | Create | Villager (Male) |
| 21:18 | Build | Farm |
| 21:21 | Build | Farm |
| 21:25 | Create | Villager (Male) |
| 21:31 | Research | Double-Bit Axe |
| 21:47 | Create | Villager (Male) |
| 21:48 | Create | Villager (Male) |
| 21:55 | Research | Horse Collar |
| 22:06 | Build | Farm |
| 22:07 | Create | Villager (Male) |
| 22:12 | Create | Janissary |
| 22:25 | Build | Farm |
| 22:29 | Create | Villager (Male) |
| 22:37 | Build | House |
| 22:41 | Build | Farm |
| 22:44 | Create | Villager (Male) |
| 22:47 | Create | Janissary |
| 22:47 | Create | Janissary |
| 22:54 | Create | Villager (Male) |
| 23:03 | Create | Villager (Male) |
| 23:07 | Build | Farm |
| 23:13 | Create | Villager (Male) |
| 23:24 | Build | House |
| 23:26 | Build | House |
| 23:31 | Build | Farm |
| 23:38 | Create | Villager (Male) |
| 23:40 | Create | Villager (Male) |
| 23:49 | Build | Farm |
| 24:01 | Create | Villager (Male) |
| 24:03 | Create | Villager (Male) |
| 24:38 | Create | Villager (Male) |
| 24:39 | Create | Villager (Male) |
| 24:43 | Build | Farm |
| 24:48 | Build | Farm |
| 24:52 | Build | Farm |
| 24:56 | Create | Villager (Male) |
| 25:04 | Build | Farm |
| 25:10 | Build | Farm |
| 25:11 | Create | Villager (Male) |
| 25:13 | Create | Villager (Male) |
| 25:45 | Build | Siege Workshop |
| 26:17 | Research | Imperial Age |
| 26:32 | Create | Janissary |
| 26:32 | Create | Janissary |
| 26:34 | Create | Villager (Male) |
| 26:35 | Create | Villager (Male) |
| 26:39 | Build | Farm |
| 26:49 | Build | Farm |
| 26:57 | Build | Barracks |
| 26:59 | Create | Villager (Male) |
| 27:05 | Research | Padded Archer Armor |
| 27:13 | Build | House |
| 27:15 | Build | House |
| 27:16 | Create | Janissary |
| 27:17 | Create | Janissary |
| 27:20 | Create | Janissary |
| 27:31 | Build | Farm |
| 27:48 | Create | Villager (Male) |
| 27:54 | Create | Villager (Male) |
| 28:00 | Build | Farm |
| 28:02 | Research | Heavy Plow |
Build order — ufokinw0tm8
First 150 of 299 actions detected
| 0:01 | Create | Villager (Male) |
| 0:01 | Create | Villager (Male) |
| 0:02 | Create | Villager (Male) |
| 0:02 | Create | Villager (Male) |
| 0:04 | Build | House |
| 0:05 | Build | House |
| 1:02 | Create | Villager (Male) |
| 1:02 | Create | Villager (Male) |
| 1:31 | Create | Villager (Male) |
| 1:32 | Create | Villager (Male) |
| 1:58 | Build | Settlement |
| 2:03 | Create | Villager (Male) |
| 2:03 | Create | Villager (Male) |
| 2:05 | Build | Settlement |
| 2:19 | Create | Villager (Male) |
| 2:19 | Create | Villager (Male) |
| 3:04 | Create | Villager (Male) |
| 3:05 | Create | Villager (Male) |
| 3:31 | Create | Villager (Male) |
| 3:32 | Create | Villager (Male) |
| 3:42 | Create | Villager (Male) |
| 3:42 | Create | Villager (Male) |
| 3:42 | Create | Villager (Male) |
| 4:25 | Create | Villager (Male) |
| 4:25 | Create | Villager (Male) |
| 4:39 | Create | Villager (Male) |
| 4:39 | Create | Villager (Male) |
| 4:39 | Create | Villager (Male) |
| 5:21 | Create | Villager (Male) |
| 5:21 | Create | Villager (Male) |
| 5:22 | Create | Villager (Male) |
| 5:55 | Build | Settlement |
| 6:08 | Create | Villager (Male) |
| 6:13 | Build | Farm |
| 7:06 | Create | Villager (Male) |
| 7:16 | Create | Villager (Male) |
| 7:16 | Create | Villager (Male) |
| 8:28 | Build | Farm |
| 8:41 | Research | Feudal Age |
| 8:41 | Research | Feudal Age |
| 9:20 | Create | Villager (Male) |
| 9:20 | Create | Villager (Male) |
| 9:26 | Build | House |
| 9:49 | Build | Outpost |
| 10:01 | Build | Farm |
| 10:51 | Age | Feudal Age |
| 10:53 | Build | Market |
| 11:03 | Build | Blacksmith |
| 12:03 | Research | Castle Age |
| 12:42 | Research | Double-Bit Axe |
| 13:15 | Build | Barracks |
| 13:18 | Build | Farm |
| 13:21 | Build | Farm |
| 13:21 | Build | Farm |
| 13:29 | Research | Horse Collar |
| 14:08 | Research | Loom |
| 14:20 | Build | House |
| 14:43 | Age | Castle Age |
| 14:48 | Research | Wheelbarrow |
| 14:55 | Build | Town Center |
| 15:16 | Create | Villager (Male) |
| 15:44 | Build | Town Center |
| 16:10 | Create | Villager (Male) |
| 16:10 | Create | Villager (Male) |
| 16:11 | Create | Villager (Male) |
| 16:11 | Create | Villager (Male) |
| 16:12 | Create | Villager (Male) |
| 16:15 | Build | Farm |
| 16:19 | Build | Farm |
| 16:40 | Research | Bow Saw |
| 16:58 | Build | Farm |
| 17:06 | Build | Farm |
| 17:13 | Build | Farm |
| 17:29 | Create | Villager (Male) |
| 17:30 | Create | Villager (Male) |
| 17:30 | Create | Villager (Male) |
| 17:46 | Create | Villager (Male) |
| 17:46 | Create | Villager (Male) |
| 17:58 | Build | Siege Workshop |
| 18:00 | Create | Villager (Male) |
| 18:01 | Create | Villager (Male) |
| 18:05 | Build | Farm |
| 18:08 | Build | Farm |
| 18:18 | Build | House |
| 18:20 | Build | House |
| 18:27 | Create | Villager (Male) |
| 18:28 | Create | Villager (Male) |
| 18:29 | Create | Villager (Male) |
| 18:34 | Build | Farm |
| 18:49 | Create | Villager (Male) |
| 18:55 | Build | Farm |
| 18:55 | Build | Farm |
| 19:01 | Create | Villager (Male) |
| 19:03 | Create | Villager (Male) |
| 19:08 | Create | Villager (Male) |
| 19:13 | Build | Farm |
| 19:13 | Build | Farm |
| 19:20 | Build | Farm |
| 19:23 | Build | Farm |
| 19:28 | Build | Farm |
| 19:31 | Build | Farm |
| 19:32 | Create | Villager (Male) |
| 19:32 | Create | Villager (Male) |
| 19:32 | Create | Villager (Male) |
| 19:37 | Build | Farm |
| 19:37 | Build | Farm |
| 19:42 | Build | Farm |
| 19:44 | Create | Villager (Male) |
| 19:45 | Create | Villager (Male) |
| 19:45 | Create | Villager (Male) |
| 19:50 | Build | Farm |
| 19:59 | Build | Farm |
| 20:06 | Build | Farm |
| 20:07 | Create | Villager (Male) |
| 20:10 | Create | Villager (Male) |
| 20:17 | Build | House |
| 20:18 | Build | House |
| 20:23 | Create | Villager (Male) |
| 20:24 | Create | Villager (Male) |
| 20:24 | Create | Villager (Male) |
| 20:31 | Build | Farm |
| 20:38 | Build | Farm |
| 20:40 | Create | Villager (Male) |
| 20:41 | Create | Villager (Male) |
| 20:43 | Create | Villager (Male) |
| 20:49 | Build | Farm |
| 20:53 | Build | House |
| 20:55 | Build | House |
| 20:57 | Create | Villager (Male) |
| 20:58 | Create | Villager (Male) |
| 20:58 | Create | Villager (Male) |
| 21:20 | Create | Villager (Male) |
| 21:21 | Create | Villager (Male) |
| 21:21 | Create | Villager (Male) |
| 21:22 | Create | Villager (Male) |
| 21:22 | Create | Villager (Male) |
| 21:31 | Create | Villager (Male) |
| 21:31 | Create | Villager (Male) |
| 21:32 | Create | Villager (Male) |
| 21:47 | Build | Settlement |
| 21:48 | Build | Farm |
| 21:48 | Build | Farm |
| 21:53 | Build | House |
| 21:54 | Build | House |
| 22:08 | Create | Villager (Male) |
| 22:08 | Create | Villager (Male) |
| 22:09 | Create | Villager (Male) |
| 22:24 | Build | Settlement |
| 22:31 | Build | Settlement |
| 22:36 | Research | Heavy Plow |
Build order — Hayah
First 150 of 292 actions detected
| 0:03 | Build | House |
| 0:04 | Create | Villager (Male) ×4 |
| 0:05 | Build | House |
| 1:41 | Create | Villager (Male) |
| 1:41 | Create | Villager (Male) |
| 1:48 | Build | Lumber Camp |
| 1:54 | Create | Villager (Male) |
| 1:54 | Create | Villager (Male) |
| 2:38 | Create | Villager (Male) |
| 2:38 | Create | Villager (Male) |
| 2:39 | Create | Villager (Male) |
| 3:06 | Create | Villager (Male) |
| 3:06 | Create | Villager (Male) |
| 3:06 | Create | Villager (Male) |
| 3:32 | Build | House |
| 3:39 | Build | Mill |
| 4:24 | Create | Villager (Male) |
| 4:24 | Create | Villager (Male) |
| 4:24 | Create | Villager (Male) |
| 4:24 | Create | Villager (Male) |
| 4:37 | Build | House |
| 4:46 | Create | Villager (Male) |
| 4:46 | Create | Villager (Male) |
| 5:38 | Create | Villager (Male) |
| 5:55 | Create | Villager (Male) ×3 |
| 6:17 | Create | Villager (Male) |
| 6:17 | Create | Villager (Male) |
| 6:35 | Research | Loom |
| 7:51 | Research | Feudal Age |
| 7:53 | Research | Loom |
| 8:37 | Build | Mining Camp |
| 9:30 | Build | House |
| 9:50 | Build | Lumber Camp |
| 10:02 | Age | Feudal Age |
| 10:04 | Build | Blacksmith |
| 10:09 | Build | Market |
| 10:14 | Build | Farm |
| 10:15 | Build | Farm |
| 10:15 | Build | Farm |
| 10:15 | Build | Farm |
| 10:51 | Create | Villager (Male) |
| 10:51 | Create | Villager (Male) |
| 11:12 | Build | House |
| 11:16 | Build | Farm |
| 11:17 | Build | Farm |
| 11:27 | Build | Farm |
| 11:48 | Build | Farm |
| 12:11 | Research | Castle Age |
| 12:12 | Research | Castle Age |
| 12:18 | Build | Farm |
| 12:44 | Build | Mining Camp |
| 12:56 | Research | Double-Bit Axe |
| 13:36 | Build | Barracks |
| 13:50 | Research | Scale Mail Armor |
| 14:01 | Build | House |
| 14:03 | Create | Villager (Male) |
| 14:27 | Research | Forging |
| 14:34 | Build | Barracks |
| 14:42 | Create | Militia |
| 14:51 | Age | Castle Age |
| 14:51 | Research | Man-at-Arms (upgrade) |
| 14:54 | Create | Villager (Male) |
| 14:54 | Create | Villager (Male) |
| 15:14 | Create | Militia |
| 15:14 | Create | Militia |
| 15:33 | Create | Militia |
| 15:51 | Create | Militia |
| 15:51 | Create | Militia |
| 16:00 | Create | Militia |
| 16:23 | Create | Militia ×2 |
| 16:57 | Research | Squires |
| 17:05 | Build | Farm |
| 17:12 | Create | Villager (Male) |
| 17:16 | Build | Farm |
| 17:46 | Research | Long Swordsman (upgrade) |
| 17:59 | Build | Town Center |
| 18:06 | Create | Villager (Male) |
| 18:36 | Create | Militia ×2 |
| 18:56 | Create | Villager (Male) |
| 19:08 | Research | Scale Mail Armor |
| 19:54 | Create | Villager (Male) ×3 |
| 21:14 | Create | Villager (Male) |
| 21:18 | Build | Farm |
| 21:29 | Create | Villager (Male) |
| 21:30 | Build | Farm |
| 21:53 | Research | Gambesons |
| 21:59 | Build | House |
| 22:00 | Build | House |
| 22:02 | Build | House |
| 22:04 | Create | Villager (Male) |
| 22:37 | Create | Villager (Male) ×3 |
| 22:40 | Build | Farm |
| 22:42 | Build | Farm |
| 22:43 | Create | Villager (Male) |
| 23:29 | Create | Villager (Male) ×3 |
| 23:38 | Build | Town Center |
| 24:04 | Create | Villager (Male) ×4 |
| 24:12 | Build | Farm |
| 24:17 | Build | Farm |
| 24:18 | Create | Villager (Male) ×2 |
| 24:18 | Create | Villager (Male) ×2 |
| 24:42 | Build | Farm |
| 24:44 | Create | Villager (Male) ×3 |
| 25:00 | Build | Lumber Camp |
| 25:01 | Create | Villager (Male) ×2 |
| 25:08 | Create | Villager (Male) |
| 25:09 | Create | Villager (Male) |
| 25:20 | Create | Villager (Male) |
| 25:39 | Build | Town Center |
| 25:47 | Research | Gold Mining |
| 25:47 | Research | Gold Mining |
| 26:05 | Research | Horse Collar |
| 26:09 | Create | Spearman |
| 26:09 | Create | Spearman |
| 26:22 | Create | Villager (Male) ×2 |
| 26:35 | Build | Town Center |
| 26:39 | Create | Villager (Male) ×2 |
| 26:42 | Build | Farm |
| 26:57 | Create | Villager (Male) |
| 27:06 | Create | Spearman |
| 27:06 | Create | Spearman |
| 27:12 | Create | Spearman |
| 27:20 | Build | Farm |
| 27:20 | Build | Farm |
| 27:20 | Build | Farm |
| 27:33 | Research | Bow Saw |
| 27:43 | Research | Heavy Plow |
| 27:55 | Create | Spearman |
| 27:56 | Create | Spearman |
| 27:56 | Create | Spearman |
| 28:17 | Research | Pikeman (upgrade) |
| 28:19 | Create | Spearman ×2 |
| 28:22 | Create | Spearman |
| 28:22 | Create | Spearman |
| 28:27 | Build | Farm |
| 28:27 | Build | Farm |
| 28:28 | Build | Farm |
| 28:28 | Build | Farm |
| 28:28 | Build | Farm |
| 28:33 | Build | Farm |
| 28:37 | Build | Farm |
| 28:42 | Create | Spearman |
| 28:44 | Create | Villager (Male) |
| 28:44 | Create | Villager (Male) ×2 |
| 28:56 | Create | Spearman |
| 29:07 | Create | Spearman ×2 |
| 29:07 | Create | Spearman ×2 |
| 29:13 | Create | Spearman |
| 29:17 | Build | Farm |
| 29:24 | Create | Villager (Male) |
Build order — Shaka
First 150 of 279 actions detected
| 0:02 | Create | Villager (Male) |
| 0:02 | Create | Villager (Male) |
| 0:02 | Create | Villager (Male) |
| 0:05 | Build | House |
| 0:39 | Create | Villager (Male) |
| 0:39 | Create | Villager (Male) |
| 1:25 | Create | Villager (Male) |
| 1:30 | Build | House |
| 1:49 | Research | Loom |
| 1:57 | Create | Villager (Male) |
| 2:28 | Create | Villager (Male) |
| 2:29 | Create | Villager (Male) |
| 2:44 | Build | Lumber Camp |
| 3:01 | Create | Villager (Male) |
| 3:02 | Create | Villager (Male) |
| 3:02 | Create | Villager (Male) |
| 3:48 | Create | Villager (Male) |
| 3:48 | Create | Villager (Male) |
| 3:56 | Build | House |
| 4:19 | Create | Villager (Male) |
| 4:20 | Create | Villager (Male) |
| 4:39 | Create | Villager (Male) |
| 4:40 | Create | Villager (Male) |
| 4:58 | Create | Villager (Male) |
| 4:59 | Create | Villager (Male) |
| 5:15 | Create | Villager (Male) |
| 5:16 | Create | Villager (Male) |
| 5:16 | Create | Villager (Male) |
| 5:42 | Build | House |
| 6:04 | Create | Villager (Male) |
| 6:04 | Create | Villager (Male) |
| 6:29 | Create | Villager (Male) |
| 6:39 | Create | Villager (Male) |
| 6:50 | Build | Mill |
| 7:18 | Create | Villager (Male) |
| 7:46 | Build | Mining Camp |
| 8:16 | Create | Villager (Male) |
| 8:30 | Build | Farm |
| 8:31 | Build | Farm |
| 8:52 | Research | Feudal Age |
| 8:59 | Build | Farm |
| 9:08 | Build | House |
| 9:24 | Build | Farm |
| 9:25 | Build | Farm |
| 9:29 | Build | Farm |
| 9:53 | Build | Farm |
| 10:58 | Create | Villager (Male) |
| 10:59 | Create | Villager (Male) |
| 11:04 | Age | Feudal Age |
| 11:07 | Build | Blacksmith |
| 11:10 | Create | Villager (Male) |
| 11:17 | Build | Market |
| 12:19 | Build | Farm |
| 12:25 | Build | Farm |
| 12:59 | Research | Castle Age |
| 13:00 | Research | Castle Age |
| 13:00 | Research | Castle Age |
| 13:19 | Build | Farm |
| 13:29 | Research | Double-Bit Axe |
| 13:29 | Research | Double-Bit Axe |
| 13:29 | Research | Double-Bit Axe |
| 13:58 | Research | Horse Collar |
| 14:29 | Build | Mining Camp |
| 14:42 | Research | Stone Mining |
| 14:49 | Build | House |
| 14:51 | Build | House |
| 15:39 | Build | Barracks |
| 15:39 | Age | Castle Age |
| 15:48 | Create | Villager (Male) |
| 15:50 | Create | Villager (Male) |
| 16:00 | Create | Villager (Male) |
| 16:22 | Create | Villager (Male) |
| 16:23 | Create | Villager (Male) |
| 16:29 | Build | Town Center |
| 16:49 | Create | Spearman |
| 16:49 | Create | Spearman |
| 16:49 | Create | Spearman |
| 16:49 | Create | Spearman |
| 16:58 | Create | Villager (Male) |
| 17:30 | Create | Spearman |
| 17:34 | Create | Villager (Male) |
| 17:34 | Create | Villager (Male) |
| 17:34 | Create | Villager (Male) |
| 17:34 | Create | Villager (Male) |
| 17:44 | Build | House |
| 17:48 | Create | Villager (Male) |
| 18:24 | Create | Spearman |
| 18:25 | Create | Spearman |
| 18:31 | Build | House |
| 18:33 | Create | Villager (Male) |
| 18:35 | Create | Villager (Male) |
| 18:35 | Create | Villager (Male) |
| 18:56 | Create | Villager (Male) |
| 18:59 | Create | Villager (Male) |
| 18:59 | Create | Villager (Male) |
| 19:10 | Create | Villager (Male) |
| 19:19 | Build | House |
| 19:21 | Build | House |
| 19:24 | Create | Villager (Male) |
| 20:28 | Build | Castle |
| 20:46 | Research | Pikeman (upgrade) |
| 22:28 | Build | Castle |
| 22:47 | Create | Villager (Male) |
| 22:47 | Create | Villager (Male) |
| 23:31 | Create | Petard |
| 23:32 | Create | Petard |
| 24:34 | Build | Town Center |
| 24:46 | Create | Villager (Male) |
| 24:47 | Create | Villager (Male) |
| 24:54 | Create | Villager (Male) |
| 25:07 | Build | Mining Camp |
| 25:37 | Create | Villager (Male) |
| 25:37 | Create | Villager (Male) |
| 25:47 | Build | Farm |
| 25:52 | Build | Farm |
| 25:53 | Build | Farm |
| 25:59 | Build | Farm |
| 26:20 | Create | Villager (Male) |
| 26:21 | Create | Villager (Male) |
| 26:35 | Build | Town Center |
| 27:06 | Build | Farm |
| 27:07 | Build | Farm |
| 27:09 | Create | Villager (Male) |
| 27:11 | Create | Villager (Male) |
| 27:29 | Create | Villager (Male) |
| 27:39 | Build | Farm |
| 27:43 | Create | Villager (Male) |
| 27:50 | Create | Villager (Male) |
| 27:50 | Create | Villager (Male) |
| 28:10 | Build | Farm |
| 28:11 | Create | Villager (Male) |
| 28:15 | Create | Villager (Male) |
| 28:15 | Create | Villager (Male) |
| 28:35 | Build | Farm |
| 28:36 | Build | Farm |
| 28:48 | Research | Bow Saw |
| 28:48 | Research | Bow Saw |
| 28:48 | Research | Bow Saw |
| 28:54 | Build | Farm |
| 29:05 | Build | Farm |
| 29:15 | Build | Town Center |
| 29:22 | Create | Villager (Male) |
| 29:26 | Create | Villager (Male) |
| 29:28 | Create | Villager (Male) |
| 29:42 | Research | Heavy Plow |
| 29:42 | Research | Heavy Plow |
| 29:53 | Create | Villager (Male) |
| 29:56 | Create | Villager (Male) |
| 29:57 | Create | Villager (Male) |
| 30:06 | Create | Villager (Male) |
Build order — Oldpoopsak69
First 150 of 260 actions detected
| 0:01 | Create | Villager (Male) |
| 0:01 | Create | Villager (Male) |
| 0:05 | Build | House |
| 0:07 | Build | House |
| 0:16 | Create | Villager (Male) |
| 0:16 | Create | Villager (Male) |
| 1:33 | Create | Villager (Male) |
| 1:34 | Create | Villager (Male) |
| 1:52 | Build | Lumber Camp |
| 2:06 | Create | Villager (Male) |
| 2:06 | Create | Villager (Male) |
| 2:23 | Create | Villager (Male) |
| 2:23 | Create | Villager (Male) |
| 2:51 | Create | Villager (Male) |
| 2:52 | Create | Villager (Male) |
| 3:24 | Create | Villager (Male) |
| 3:24 | Create | Villager (Male) |
| 3:28 | Build | Mill |
| 3:57 | Create | Villager (Male) |
| 3:57 | Create | Villager (Male) |
| 4:16 | Build | House |
| 5:09 | Create | Villager (Male) |
| 5:10 | Create | Villager (Male) |
| 5:35 | Create | Villager (Male) |
| 6:02 | Create | Villager (Male) |
| 6:02 | Create | Villager (Male) |
| 6:02 | Create | Villager (Male) |
| 6:14 | Create | Villager (Male) |
| 6:21 | Build | House |
| 6:57 | Create | Villager (Male) |
| 7:08 | Create | Villager (Male) |
| 7:22 | Create | Villager (Male) |
| 8:54 | Research | Feudal Age |
| 8:57 | Build | Mining Camp |
| 11:05 | Build | House |
| 11:29 | Age | Feudal Age |
| 11:40 | Build | Market |
| 11:48 | Build | Blacksmith |
| 11:50 | Create | Villager (Male) |
| 12:04 | Build | Mining Camp |
| 12:13 | Research | Castle Age |
| 12:13 | Research | Castle Age |
| 12:33 | Research | Horse Collar |
| 13:01 | Build | Farm |
| 13:01 | Build | Farm |
| 13:01 | Build | Farm |
| 13:01 | Build | Farm |
| 13:06 | Build | Farm |
| 13:56 | Build | Farm |
| 13:56 | Build | Farm |
| 14:53 | Age | Castle Age |
| 14:57 | Create | Villager (Male) |
| 14:58 | Create | Villager (Male) |
| 15:01 | Research | Loom |
| 15:30 | Create | Villager (Male) |
| 15:51 | Create | Villager (Male) |
| 16:28 | Build | Castle |
| 16:46 | Create | Villager (Male) |
| 16:53 | Research | Heavy Plow |
| 16:55 | Research | Double-Bit Axe |
| 17:13 | Build | Monastery |
| 17:22 | Build | Farm |
| 17:23 | Create | Villager (Male) |
| 17:28 | Create | Conquistador |
| 17:28 | Create | Conquistador |
| 17:29 | Create | Conquistador |
| 18:15 | Research | Padded Archer Armor |
| 18:28 | Build | Barracks |
| 18:34 | Create | Conquistador |
| 18:45 | Create | Missionary |
| 18:58 | Create | Conquistador |
| 18:58 | Create | Conquistador |
| 19:03 | Create | Villager (Male) |
| 19:31 | Build | Stable |
| 19:35 | Create | Villager (Male) |
| 19:35 | Create | Villager (Male) |
| 19:35 | Create | Villager (Male) |
| 19:36 | Create | Villager (Male) |
| 19:58 | Create | Missionary |
| 20:07 | Create | Conquistador |
| 20:13 | Build | Farm |
| 20:38 | Create | Villager (Male) |
| 20:41 | Build | Farm |
| 20:43 | Create | Villager (Male) |
| 21:11 | Create | Conquistador |
| 21:12 | Create | Conquistador |
| 21:13 | Build | Farm |
| 21:31 | Build | Farm |
| 21:32 | Create | Villager (Male) |
| 21:32 | Create | Villager (Male) |
| 21:47 | Build | Farm |
| 21:49 | Create | Villager (Male) |
| 21:49 | Create | Villager (Male) |
| 22:18 | Create | Conquistador |
| 22:19 | Build | Farm |
| 22:22 | Create | Villager (Male) |
| 22:31 | Build | Town Center |
| 22:36 | Create | Conquistador |
| 22:47 | Build | Farm |
| 23:07 | Build | Farm |
| 23:10 | Create | Conquistador |
| 23:10 | Create | Conquistador |
| 23:10 | Create | Conquistador |
| 23:17 | Build | House |
| 24:00 | Build | Farm |
| 24:01 | Create | Villager (Male) |
| 24:02 | Create | Villager (Male) |
| 24:02 | Create | Villager (Male) |
| 24:04 | Create | Villager (Male) |
| 24:04 | Create | Villager (Male) |
| 24:22 | Research | Bloodlines |
| 24:27 | Create | Villager (Male) |
| 24:37 | Build | Farm |
| 25:01 | Create | Villager (Male) |
| 25:01 | Create | Villager (Male) |
| 25:14 | Create | Villager (Male) |
| 25:18 | Create | Villager (Male) |
| 25:31 | Build | Farm |
| 25:31 | Build | Farm |
| 25:31 | Build | Farm |
| 25:46 | Create | Villager (Male) |
| 25:46 | Create | Villager (Male) |
| 25:49 | Build | House |
| 25:51 | Build | House |
| 25:51 | Build | House |
| 25:52 | Build | House |
| 26:27 | Create | Villager (Male) |
| 26:27 | Create | Villager (Male) |
| 26:35 | Create | Conquistador |
| 27:18 | Build | Farm |
| 27:19 | Build | Farm |
| 27:21 | Create | Villager (Male) |
| 27:21 | Create | Villager (Male) |
| 27:21 | Create | Villager (Male) |
| 27:24 | Create | Villager (Male) |
| 27:24 | Create | Villager (Male) |
| 27:42 | Create | Conquistador |
| 27:42 | Create | Conquistador |
| 27:50 | Create | Villager (Male) |
| 27:50 | Create | Villager (Male) |
| 27:54 | Research | Padded Archer Armor |
| 28:24 | Build | Castle |
| 28:54 | Create | Villager (Male) |
| 28:54 | Create | Villager (Male) |
| 28:56 | Create | Conquistador |
| 29:17 | Build | Mill |
| 29:25 | Research | Husbandry |
| 30:20 | Research | Imperial Age |
| 30:20 | Research | Imperial Age |
| 30:51 | Research | Wheelbarrow |
Build order — Thanos 2022
First 150 of 439 actions detected
| 0:01 | Create | Villager (Male) |
| 0:01 | Create | Villager (Male) |
| 0:01 | Create | Villager (Male) |
| 0:02 | Build | House |
| 0:04 | Build | House |
| 0:07 | Create | Villager (Male) |
| 0:07 | Create | Villager (Male) |
| 1:03 | Create | Villager (Male) |
| 1:53 | Build | Lumber Camp |
| 2:10 | Create | Villager (Male) |
| 2:10 | Create | Villager (Male) |
| 2:10 | Create | Villager (Male) |
| 2:27 | Create | Villager (Male) |
| 2:27 | Create | Villager (Male) |
| 3:19 | Create | Villager (Male) |
| 3:35 | Create | Villager (Male) |
| 3:35 | Create | Villager (Male) |
| 3:50 | Create | Villager (Male) |
| 3:50 | Create | Villager (Male) |
| 3:55 | Build | House |
| 4:00 | Create | Villager (Male) |
| 4:00 | Create | Villager (Male) |
| 4:19 | Create | Villager (Male) |
| 4:23 | Create | Villager (Male) |
| 4:23 | Create | Villager (Male) |
| 4:45 | Build | Mill |
| 5:52 | Create | Villager (Male) |
| 6:20 | Research | Feudal Age |
| 7:05 | Build | House |
| 8:17 | Create | Villager (Male) |
| 8:30 | Age | Feudal Age |
| 8:34 | Build | Town Center |
| 8:36 | Research | Double-Bit Axe |
| 8:38 | Research | Horse Collar |
| 8:41 | Create | Villager (Male) |
| 9:02 | Build | Farm |
| 9:07 | Create | Villager (Male) |
| 9:21 | Create | Villager (Male) |
| 9:32 | Create | Villager (Male) |
| 9:54 | Create | Villager (Male) |
| 9:54 | Create | Villager (Male) |
| 9:55 | Create | Villager (Male) |
| 10:01 | Build | Farm |
| 10:13 | Create | Villager (Male) |
| 10:29 | Create | Villager (Male) |
| 10:29 | Create | Villager (Male) |
| 10:32 | Build | Farm |
| 10:40 | Build | Farm |
| 10:58 | Create | Villager (Male) |
| 10:58 | Create | Villager (Male) |
| 10:58 | Create | Villager (Male) |
| 11:02 | Build | Farm |
| 11:05 | Build | Farm |
| 11:16 | Create | Villager (Male) |
| 11:16 | Create | Villager (Male) |
| 11:18 | Create | Villager (Male) |
| 11:18 | Create | Villager (Male) |
| 11:21 | Build | Farm |
| 11:30 | Create | Villager (Male) |
| 11:30 | Create | Villager (Male) |
| 11:34 | Build | House |
| 11:38 | Build | House |
| 11:42 | Build | Farm |
| 11:52 | Build | House |
| 11:53 | Create | Villager (Male) |
| 11:54 | Create | Villager (Male) |
| 11:58 | Build | Farm |
| 12:07 | Create | Villager (Male) |
| 12:08 | Create | Villager (Male) |
| 12:08 | Create | Villager (Male) |
| 12:11 | Build | Farm |
| 12:20 | Build | Farm |
| 12:24 | Create | Villager (Male) |
| 12:25 | Create | Villager (Male) |
| 12:31 | Build | House |
| 12:47 | Create | Villager (Male) |
| 12:48 | Create | Villager (Male) |
| 12:48 | Create | Villager (Male) |
| 12:48 | Create | Villager (Male) |
| 12:50 | Build | House |
| 12:51 | Build | House |
| 12:56 | Build | Farm |
| 12:58 | Build | Farm |
| 13:02 | Create | Villager (Male) |
| 13:02 | Create | Villager (Male) |
| 13:15 | Create | Villager (Male) |
| 13:15 | Create | Villager (Male) |
| 13:17 | Build | Farm |
| 13:22 | Build | Farm |
| 13:23 | Create | Villager (Male) |
| 13:23 | Create | Villager (Male) |
| 13:25 | Build | House |
| 13:27 | Build | House |
| 13:39 | Build | Farm |
| 13:41 | Build | Farm |
| 13:43 | Create | Villager (Male) |
| 13:43 | Create | Villager (Male) |
| 13:48 | Create | Villager (Male) |
| 14:02 | Create | Villager (Male) |
| 14:03 | Create | Villager (Male) |
| 14:06 | Build | Farm |
| 14:07 | Create | Villager (Male) |
| 14:09 | Build | Farm |
| 14:13 | Build | House |
| 14:15 | Build | House |
| 14:18 | Build | Farm |
| 14:27 | Create | Villager (Male) |
| 14:28 | Create | Villager (Male) |
| 14:34 | Build | Farm |
| 14:36 | Build | House |
| 14:37 | Build | House |
| 14:40 | Create | Villager (Male) |
| 14:48 | Create | Villager (Male) |
| 14:48 | Create | Villager (Male) |
| 14:52 | Build | Farm |
| 14:56 | Build | Farm |
| 15:00 | Create | Villager (Male) |
| 15:11 | Build | Farm |
| 15:14 | Build | Farm |
| 15:22 | Create | Villager (Male) |
| 15:22 | Create | Villager (Male) |
| 15:27 | Build | House |
| 15:28 | Build | House |
| 15:30 | Create | Villager (Male) |
| 15:36 | Build | Farm |
| 15:55 | Create | Villager (Male) |
| 16:11 | Create | Villager (Male) |
| 16:22 | Build | Market |
| 16:33 | Build | Blacksmith |
| 16:44 | Create | Villager (Male) |
| 16:46 | Build | Farm |
| 16:51 | Create | Villager (Male) |
| 17:00 | Build | Mining Camp |
| 17:11 | Build | Farm |
| 17:15 | Build | Farm |
| 17:43 | Research | Castle Age |
| 17:46 | Build | Barracks |
| 18:14 | Create | Villager (Male) |
| 18:16 | Create | Villager (Male) |
| 18:17 | Research | Forging |
| 18:19 | Research | Gold Mining |
| 18:24 | Research | Wheelbarrow |
| 18:36 | Build | Stable |
| 18:37 | Build | Stable |
| 18:45 | Research | Scale Barding Armor |
| 18:53 | Build | Stable |
| 19:02 | Build | House |
| 19:23 | Create | Villager (Male) |
| 19:23 | Create | Villager (Male) |
| 19:34 | Build | Farm |
Match timeline
| 8:30 | Thanos 2022 · age_up feudal |
| 9:41 | VIT | Hera · age_up feudal |
| 10:02 | Hayah · age_up feudal |
| 10:35 | nemesis · age_up feudal |
| 10:40 | VIT | Hera · first_market_sell 500 stone |
| 10:40 | VIT | Hera · first_market_buy 100 food |
| 10:51 | ufokinw0tm8 · age_up feudal |
| 11:01 | JJ23 · age_up feudal |
| 11:04 | Shaka · age_up feudal |
| 11:28 | nemesis · first_market_sell 100 stone |
| 11:29 | Hayah · first_market_sell 500 stone |
| 11:29 | Oldpoopsak69 · age_up feudal |
| 11:30 | Hayah · first_market_buy 100 food |
| 12:57 | JJ23 · first_market_buy 100 food |
| 13:03 | JJ23 · first_market_sell 100 wood |
| 13:15 | ufokinw0tm8 · first_building Barracks |
| 13:21 | VIT | Hera · age_up castle |
| 13:34 | VIT | Hera · first_building Siege Workshop |
| 13:36 | Hayah · first_building Barracks |
| 14:18 | nemesis · age_up castle |
| 14:21 | nemesis · first_building Castle |
| 14:43 | ufokinw0tm8 · age_up castle |
| 14:51 | Hayah · age_up castle |
| 14:53 | Oldpoopsak69 · age_up castle |
| 15:39 | Shaka · first_building Barracks |
| 15:39 | Shaka · age_up castle |
| 15:45 | JJ23 · age_up castle |
| 16:06 | JJ23 · first_building Castle |
| 16:28 | Oldpoopsak69 · first_building Castle |
| 17:13 | Oldpoopsak69 · first_building Monastery |
| 17:42 | VIT | Hera · wall_segment Palisade Wall x1 |
| 17:44 | VIT | Hera · wall_segment Palisade Wall x1 |
| 17:46 | Thanos 2022 · first_building Barracks |
| 17:58 | ufokinw0tm8 · first_building Siege Workshop |
| 18:28 | Oldpoopsak69 · first_building Barracks |
| 18:36 | Thanos 2022 · first_building Stable |
| 18:59 | nemesis · first_building Siege Workshop |
| 19:31 | Oldpoopsak69 · first_building Stable |
| 20:08 | Shaka · first_market_buy 100 stone |
| 20:28 | Shaka · first_building Castle |
| 20:42 | Thanos 2022 · age_up castle |
| 21:02 | Hayah · tribute_sent a jugador 1 |
| 21:02 | Hayah · tribute_sent a jugador 2 |
| 21:02 | Hayah · tribute_sent a jugador 3 |
| 21:02 | Hayah · tribute_sent a jugador 5 |
| 21:02 | Hayah · tribute_sent a jugador 6 |
| 21:02 | Hayah · tribute_sent a jugador 7 |
| 21:02 | Hayah · tribute_sent a jugador 8 |
| 21:58 | Oldpoopsak69 · first_market_sell 100 stone |
| 21:59 | Oldpoopsak69 · first_market_buy 100 wood |
| 23:12 | nemesis · wall_segment Palisade Wall x1 |
| 23:35 | nemesis · wall_segment Palisade Wall x1 |
| 23:49 | Hayah · tribute_sent a jugador 1 |
| 23:49 | Hayah · tribute_sent a jugador 2 |
| 23:49 | Hayah · tribute_sent a jugador 3 |
| 23:49 | Hayah · tribute_sent a jugador 5 |
| 23:49 | Hayah · tribute_sent a jugador 6 |
| 23:49 | Hayah · tribute_sent a jugador 7 |
| 23:49 | Hayah · tribute_sent a jugador 8 |
| 25:35 | ufokinw0tm8 · first_building Castle |
| 25:45 | JJ23 · first_building Siege Workshop |
| 26:57 | JJ23 · first_building Barracks |
| 27:12 | VIT | Hera · wall_segment Palisade Wall x1 |
| 28:02 | ufokinw0tm8 · first_market_buy 100 wood |
| 28:45 | ufokinw0tm8 · age_up imperial |
| 29:10 | JJ23 · first_building Archery Range |
| 29:17 | Thanos 2022 · first_building Siege Workshop |
| 29:27 | JJ23 · age_up imperial |
| 31:34 | Hayah · tribute_sent a jugador 1 |
| 31:34 | Hayah · tribute_sent a jugador 2 |
| 31:34 | Hayah · tribute_sent a jugador 3 |
| 31:34 | Hayah · tribute_sent a jugador 5 |
| 31:34 | Hayah · tribute_sent a jugador 6 |
| 31:34 | Hayah · tribute_sent a jugador 7 |
| 31:34 | Hayah · tribute_sent a jugador 8 |
| 32:05 | Thanos 2022 · first_market_sell 100 food |
| 32:46 | VIT | Hera · wall_segment Palisade Wall x1 |
| 33:29 | ufokinw0tm8 · first_market_sell 100 food |
| 33:30 | Oldpoopsak69 · age_up imperial |
| 33:42 | Hayah · first_building Castle |
| 33:51 | Thanos 2022 · age_up imperial |
| 34:07 | Hayah · first_building Monastery |
| 35:19 | JJ23 · first_building Stable |
| 38:10 | VIT | Hera · resign |
| 39:11 | Shaka · age_up imperial |
| 39:18 | Hayah · first_building Siege Workshop |
[ AI ANALYSIS · 1 CREDIT ]
What really happened in this match?
Wolo.gg analyzes every decision: build order, eco, micro, common mistakes by bracket. Personalized analysis on WhatsApp or Discord in 30 seconds.
Civ guide
Gurjaras
Perfil
Jugador #199325